 Dungeon Crawl Stone Soup version 0.24-a0-411-g4df2b1290f (webtiles) character file.

Game seed: 910132409103729899

130 Gynju the Covered (level 4, -2/41 HPs)
             Began as a Minotaur Fighter on June 6, 2019.
             Slain by a worker ant (4 damage)
             ... on level 5 of the Dungeon.
             The game lasted 00:05:16 (2232 turns).

Gynju the Covered (Minotaur Fighter)                Turns: 2232, Time: 00:05:17

Health: -2/41      AC: 15    Str: 21    XL:     4   Next: 89%
Magic:  3/3        EV:  7    Int:  5    God:
Gold:   130        SH:  9    Dex: 10    Spells: 3/3 levels left

rFire    . . .     SeeInvis .   t - +2 morningstar (protect)
rCold    . . .     Gourm    .   c - +0 shield
rNeg     . . .     Faith    .   b - +0 scale mail
rPois    .         Spirit   .   j - +1 hat
rElec    .         Reflect  .   (no cloak)
rCorr    .         Harm     .   (no gloves)
MR       .....                  (no boots)
Stlth    ..........             (no amulet)
HPRegen  0.13/turn              (no ring)
MPRegen  0.08/turn              (no ring)

@: lethally poisoned (-2 -> -5), protection aura
A: retaliatory headbutt, horns 2
a: no special abilities


You were on level 5 of the Dungeon.
You were hungry.

You visited 1 branch of the dungeon, and saw 5 of its levels.

You collected 130 gold pieces.

Inventory:

Hand Weapons
 a - a +0 war axe
 t - a +2 morningstar of protection (weapon)
Armour
 b - a +0 scale mail (worn)
 c - a +0 shield (worn)
 j - a +1 hat (worn)
 r - a +0 pair of gloves
Wands
 s - a wand of flame (15)
Scrolls
 e - 2 scrolls of amnesia {unknown}
 h - a scroll of enchant weapon {unknown}
 i - 2 scrolls of teleportation {unknown}
 k - a scroll of fog {unknown}
 m - a scroll of noise {unknown}
 n - 6 scrolls of identify {unknown}
 o - 4 scrolls of remove curse {unknown}
 q - a scroll of blinking {unknown}
Potions
 d - a potion of might
 l - a potion of ambrosia {unknown}
 p - 2 potions of agility {unknown}
Comestibles
 f - 9 rations
 g - 2 chunks of flesh


   Skills:
 + Level 4.6 Fighting
 - Level 3.6 Axes
 + Level 0.3(2.2) Maces & Flails
 + Level 4.7 Armour
 + Level 4.5 Shields


You had 3 spell levels left.
You didn't know any spells.
Your spell library was empty.

Dungeon Overview and Level Annotations

Branches:
Dungeon (5/15)
 Temple: D:4-7

Altars:

Annotations:
D:3 Sigmund


Innate Abilities, Weirdness & Mutations

You reflexively headbutt those who attack you in melee.
You have a pair of horns on your head.


Message History

You feel sick. The adder bites you but does no damage.
The orc wizard hits you with a +2 dagger of holy wrath.
* * * LOW HITPOINT WARNING * * *
You block the worker ant's attack. The adder barely misses you.
The orc wizard hits you but does no damage.
The worker ant bites you but does no damage.
An orc comes into view. It is wielding a +0 whip.
The orc shouts!
You sock the worker ant!
Your weapon exudes an aura of protection.
You headbutt the worker ant, but do no damage.
The worker ant is severely wounded.
The orc wizard barely misses you. The adder bites you.
* * * LOW HITPOINT WARNING * * *
The worker ant barely misses you.
An orc comes into view. It is wielding a +0 war axe.
You block the orc wizard's attack.
The orc throws a silver boomerang.
The silver boomerang barely misses you. The adder bites you but does no damage.
The worker ant bites you.
You die...

.##... ....#
..#...####.....
......#........
...............
o..o...........
...............
##....S.......
#.....@a......
........o...#..
...oo.....)....
#..............
#o##.........$.
. ###...#..#..
..>##..# . ....
#..


You could see a worker ant, an orc priest, 2 orc wizards, an adder and 3 orcs.

Vanquished Creatures
  Terence (D:3)
  4 adders
  An ooze (D:2)
  3 leopard geckos (D:1)
  6 orcs
  A ball python (D:1)
  2 giant cockroaches
  6 goblins
  6 hobgoblins
  3 jackals (D:2)
  9 kobolds
  6 bats
  6 frilled lizards
  5 rats
59 creatures vanquished.

Notes
Turn   | Place    | Note
-------+----------+-------------------------------------------
     0 | D:1      | Gynju the Minotaur Fighter began the quest for the Orb.
     0 | D:1      | Reached XP level 1. HP: 19/19 MP: 0/0
   158 | D:1      | Reached XP level 2. HP: 27/27 MP: 1/1
   911 | D:2      | Reached XP level 3. HP: 33/33 MP: 2/2
  1317 | D:2      | Reached XP level 4. HP: 39/41 MP: 3/3
  1771 | D:3      | Noticed Terence
  1781 | D:3      | Killed Terence
  2185 | D:3      | Noticed Sigmund
  2185 | D:3      | Noticed a sky beast
  2230 | D:5      | Entered Level 5 of the Dungeon
  2231 | D:5      | HP: 2/41 [orc wizard/+2 dagger of holy wrath (4)]
  2232 | D:5      | Slain by a worker ant

Levels and vault maps discovered:
D:1:      minmay_arrival_four_circles, layout_basic
D:2:      layout_loops_cross
D:3:      layout_rooms, kennysheep_cluttered_room, grunt_ministairs_6,
          uniq_sigmund, uniq_terence
D:4:      layout_basic, zin_treasury, first_ration, minivault_24,
          minmay_manual_mares, uniq_natasha, uniq_duvessa
D:5:      cheibrodos_thug_alley, layout_cave_pools, kennysheep_mini,
          overflow_temple_1_default, serial_shops, kennysheep_little_box,
          chequers_hall_statues_wall_a, brannock_xom_greatest_gift,
          uniq_eustachio

Skill      XL: |  1  2  3 |
---------------+----------+-----
Armour         | 4 |  4.7
Fighting       | 4 |  4.6
Shields        | 4 |  4.5
Axes           | 3 |  3.6
Maces & Flails | |  0.3

Action                   |  1- 3 |  4- 6 || total
-------------------------+-------+-------++-------
Melee: War axe           |   116 |    32 ||   148
       Headbutt          |    12 |     5 ||    17
       Morningstar       |       |    18 ||    18
  Eat: Chunk             |     2 |     2 ||     4
Armor: Scale mail        |    58 |    49 ||   107
Dodge: Dodged            |    29 |    29 ||    58
Block: Shield            |    80 |    42 ||   122

Table legend:
 A = Non-vault XP
 B = Vault XP
 C = Vault XP percentage of total XP
 D = Non-vault monster count
 E = Vault monster count
 F = Vault count percentage of total count
                 A         B        C        D         E       F
            +---------+---------+-------+---------+---------+-------
      Total |     138 |      48 |  25.8 |      56 |       3 |   5.1
            +---------+---------+-------+---------+---------+-------
        D:1 |      37 |       0 |   0.0 |      23 |       0 |   0.0
        D:2 |      70 |       0 |   0.0 |      18 |       0 |   0.0
        D:3 |      28 |      48 |  63.2 |      14 |       3 |  17.6
        D:4 |       3 |       0 |   0.0 |       1 |       0 |   0.0
            +---------+---------+-------+---------+---------+-------
